 Dungeon Crawl Stone Soup version 0.28-a0-381-g937acc2988 (webtiles) character file.

Game seed: 10631642581675960122

12180 robertstho the Thaumaturge (level 12, -1/84 HPs)
             Began as a Djinni Fire Elementalist on Sept 1, 2021.
             Was an Initiate of Gozag.
             Slain by an eight-headed hydra (14 damage)
             ... on level 11 of the Dungeon.
             The game lasted 00:21:40 (16604 turns).

robertstho the Thaumaturge (DjFE)                  Turns: 16604, Time: 00:21:41

Health: -1/84      AC:  7    Str:  7    XL:     12   Next: 17%
Gold:   408        EV: 14    Int: 22    God:    Gozag SH:  0 Dex: 18

rFire   + + .      SeeInvis .   G - +7 trident of Blood {venom, +Rage Dex+4 Stlth+}
rCold   x . .      Faith    .   (no shield)
rNeg    . . .      Spirit   .   x - +1 robe {Archmagi}
rPois   ∞          Reflect  .   (no helmet)
rElec   .          Harm     .   e - scarf {repulsion}
rCorr   .          Rampage  .   (no gloves)
Will    +....      Archmagi +   (boots unavailable)
Stlth   ++++......              (no amulet)
HPRegen 0.24/turn               j - +4 ring of protection
MPRegen 0.00/turn               (no ring)

@: flying, repel missiles
A: sickness immunity, fire resistance 2, cold vulnerability 1, float, innate
caster, hp casting, extra vitality 1
a: Renounce Religion, Evoke Berserk Rage, Potion Petition, Call Merchant, Bribe
Branch


You were on level 11 of the Dungeon.
You worshipped Gozag.
Gozag was aware of your devotion.
You visited 1 branch of the dungeon, and saw 11 of its levels.
You also visited: Ossuary.

You collected 2026 gold pieces.
You spent 1062 gold pieces at shops.
You paid 556 gold pieces to Gozag.

Inventory:

Hand Weapons
 d - a +0 dagger of venom
 l - a +3 dagger
 G - the +7 trident of Blood (weapon) {venom, +Rage Dex+4 Stlth+}
   (You found it on level 10 of the Dungeon)

   It poisons the flesh of those it strikes.
   Dex:       It affects your dexterity (+4).
   +Rage:     It lets you go berserk.
   Stlth:     It makes you more stealthy.
Armour
 e - a scarf of repulsion (worn)
 p - a +0 kite shield
 x - a +1 robe of the Archmagi (worn)
Jewellery
 j - a +4 ring of protection (left hand)
Wands
 k - a wand of acid (12)
 r - a wand of iceblast (3)
 s - a wand of flame (14)
 w - a wand of paralysis (23)
Scrolls
 c - 2 scrolls of summoning
 g - 3 scrolls of holy word
 i - 3 scrolls of enchant armour {unknown}
 m - a scroll of torment {unknown}
 n - a scroll of teleportation
 o - 5 scrolls of immolation {unknown}
 y - 2 scrolls of fear {unknown}
 z - a scroll of fog
 A - 2 scrolls of magic mapping
 C - 2 scrolls of enchant weapon
 F - a scroll of amnesia {unknown}
Potions
 a - 3 potions of resistance
 b - 4 potions of curing
 f - 6 potions of might
 h - 2 potions of berserk rage {unknown}
 q - 3 potions of lignification
 t - a potion of attraction {unknown}
 u - 3 potions of invisibility
 v - 3 potions of haste
 B - 3 potions of brilliance
 D - 3 potions of heal wounds
 E - a potion of ambrosia {unknown}
 H - 2 potions of magic {unknown}
 I - a potion of cancellation {unknown}


   Skills:
 * Level 6.3 Fighting
 + Level 1.5 Short Blades
 + Level 4.4 Dodging
 + Level 4.1 Stealth
 * Level 12.6 Spellcasting
 + Level 0.2 Evocations


You had 6 spell levels left.
You knew the following spells:

 Your Spells              Type           Power      Damage    Failure   Level
a - Foxfire               Conj/Fire      100%       2x1d9     1%          1
b - Conjure Flame         Conj/Fire      81%        6-21      1%          3
c - Inner Flame           Hex/Fire       81%        N/A       1%          3
d - Sticky Flame          Conj/Fire      81%        2d9       1%          4
e - Fireball              Conj/Fire      40%        3d16      1%          5
f - Apportation           Tloc           100%       N/A       1%          1
g - Call Imp              Summ           81%        N/A       1%          2
h - Gell's Gravitas       Tloc           40%        N/A       1%          3
i - Ice Form              Ice/Tmut       81%        N/A       1%          4
j - Iskenderun's Mystic   Conj/Tloc      81%        2d16      1%          4
Your spell library was empty.

Dungeon Overview and Level Annotations

Branches:
Dungeon (11/15)            Temple (0/1) D:7            Lair (0/6) D:10
    Orc (0/2) D:11        Ossuary (visited)

Altars:
Ashenzari
Gozag
Hepliaklqana
Kikubaaqudgha
Okawaru
Qazlal
Sif Muna
Xom

Shops:
D:4 ![

Annotations:
D:3 3 runed translucent doors, Dittersdorf's ghost, amateur GrFi; TrayleKats's ghost, weakling HOMo; billybobjr323's ghost, weakling TrBe; porpoise's ghost, amateur DrFE
D:4 Potion shop
D:7 4 runed translucent doors
D:11 Maurice


Innate Abilities, Weirdness & Mutations

You are immune to sickness and miasma.
You are immune to poison.
Your flesh is very heat resistant. (rF++)
You are vulnerable to cold. (rC-)
You float through the air rather than walking.
You learn spells naturally, not from books.
Your magical power is your life essence.
You have superior vitality. (+4 HP)


Message History

Casting: Fireball (dangerous; 1% risk of failure)
Confirm with . or Enter, or press ? or * to list all spells.
Aiming: Fireball (dangerous; 1% risk of failure)
Press: ? - help, Shift-Dir - straight line, f - eight-headed hydra
Aim: an eight-headed hydra (asleep)
You feel a surge of power!
The fireball explodes!
The fireball engulfs the eight-headed hydra!!
The eight-headed hydra is heavily wounded.
The eight-headed hydra roars!
Maurice the Thief comes into view.
He is wielding a +0 short sword and carrying a wand of flame (18).
Unknown command.
Casting: Fireball (dangerous; 1% risk of failure)
Confirm with . or Enter, or press ? or * to list all spells.
Aiming: Fireball (dangerous; 1% risk of failure)
Press: ? - help, Shift-Dir - straight line, f/p - eight-headed hydra
Aim: an eight-headed hydra (heavily wounded)
You feel a surge of power!
The fireball explodes!
The fireball engulfs the eight-headed hydra!!
The eight-headed hydra is severely wounded.
Maurice shouts!
The eight-headed hydra bites you! The eight-headed hydra bites you.
The eight-headed hydra bites you! x2
The eight-headed hydra barely misses you.
The eight-headed hydra bites you!
The eight-headed hydra closely misses you.
The eight-headed hydra bites you!
* * * LOW HITPOINT WARNING * * *
Okay, then.
You feel much better.
The eight-headed hydra barely misses you.
The eight-headed hydra bites you but does no damage.
The eight-headed hydra bites you!
The eight-headed hydra bites you but does no damage.
The eight-headed hydra bites you!
* * * LOW HITPOINT WARNING * * *
The eight-headed hydra bites you!
* * * LOW HITPOINT WARNING * * *
The eight-headed hydra bites you!
You die...
Your body crumbles into a pile of gold.

.....# #....<......
###.## +...........
..#.# #...........
#..#### #......>....
..#.#.###)..........
.##.#..##...........
##.#.###...)........
......##.###'#######
.##.#..#.# #....@#
###..#...# #####D# #
######## @.. # .....
)...... .........
..........#
#..........#


You could see an eight-headed hydra and Maurice.

Vanquished Creatures
  4 two-headed ogres
  A death yak (D:10)
  The ghost of mistaj the Grappler, a novice TrMo of Gozag (D:7)
  Pikel (D:8)
  A gargoyle (D:10)
  A kobold demonologist (D:11)
  Grinder (D:5)
  A troll (D:9)
  2 dream sheep (D:9)
  Sigmund (D:3)
  A shadow (D:11)
  3 wyverns
  A wraith (D:11)
  17 yaks (D:10)
  Menkaure (D:4)
  An acid dragon (D:9)
  A water moccasin (D:9)
  A black bear (D:7)
  3 orc warriors
  A sky beast (D:7)
  2 necrophages
  5 centaurs
  An ogre (D:4)
  2 lemures (D:8)
  2 phantoms
  Blork the orc (D:5)
  2 kobold brigands (D:10)
  A bullfrog (D:7)
  A wyvern zombie (D:8)
  A scorpion (D:6)
  2 troll zombies (D:11)
  A wight (D:9)
  7 howler monkeys
  3 centaur zombies
  A centaur skeleton (D:5)
  2 jellies
  2 bullfrog skeletons
  5 orc priests
  3 hounds
  Jessica (D:3)
  A gnoll shaman (D:6)
  7 orc wizards
  A killer bee zombie (D:7)
  4 ogre zombies (D:11)
  5 mummies
  12 gnolls
  4 adders
  A white imp (D:7)
  An adder zombie (D:5)
  An adder skeleton (D:5)
  5 worms
  4 dart slugs
  20 orcs
  10 ball pythons
  5 endoplasms
  4 giant cockroaches
  40 goblins
  24 hobgoblins
  5 jackals
  2 quokkas
  7 bats
  2 frilled lizards
  A gnoll zombie (Ossuary)
  A goblin skeleton (D:11)
  8 goblin zombies
  A hobgoblin skeleton (D:11)
  3 hobgoblin zombies (Ossuary)
  24 kobolds
  An orc skeleton (D:11)
  12 orc zombies (D:11)
  5 rats
310 creatures vanquished.

Vanquished Creatures (others)
  3 dream sheep (D:9)
  1142 foxfires
  9 fungi
  5 plants (D:3)
  4 toadstools (D:1)
  2 withered plants (D:3)
1165 creatures vanquished.

Grand Total: 1475 creatures vanquished

Notes
Turn   | Place    | Note
-------+----------+-------------------------------------------
     0 | D:1      | robertstho the Djinni Fire Elementalist began the quest for
                  | the Orb.
     0 | D:1      | Reached XP level 1. HP: 15/15 MP: 0/0
   101 | D:1      | Reached XP level 2. HP: 5/22 MP: 0/0
   798 | D:1      | Reached skill level 3 in Spellcasting
   926 | D:1      | Reached XP level 3. HP: 23/26 MP: 0/0
   926 | D:1      | Learned a level 1 spell: Apportation
  1314 | D:1      | Reached skill level 1 in Fighting
  1986 | D:2      | Reached XP level 4. HP: 31/32 MP: 0/0
  2985 | D:2      | Identified a scroll of acquirement
  2985 | D:2      | Acquired a scarf of repulsion
  3279 | D:3      | Reached XP level 5. HP: 36/37 MP: 0/0
  3279 | D:3      | Learned a level 2 spell: Call Imp
  3375 | D:3      | Noticed Jessica
  3377 | D:3      | Killed Jessica
  3378 | D:3      | Reached skill level 4 in Spellcasting
  3618 | D:3      | Noticed Sigmund
  3629 | D:3      | Killed Sigmund
  3630 | D:3      | Reached XP level 6. HP: 32/43 MP: 0/0
  3792 | D:3      | Reached skill level 5 in Spellcasting
  4167 | D:3      | Found a runed translucent gate.
  4168 | D:3      | Found a runed translucent gate.
  4170 | D:3      | Found a runed translucent gate.
  4171 | D:3      | Noticed billybobjr323's ghost (weakling TrBe)
  4172 | D:3      | Noticed Dittersdorf's ghost (amateur GrFi)
  4172 | D:3      | Noticed TrayleKats's ghost (weakling HOMo)
  4172 | D:3      | Noticed porpoise's ghost (amateur DrFE)
  4331 | D:3      | Reached XP level 7. HP: 43/49 MP: 0/0
  4331 | D:3      | Learned a level 3 spell: Gell's Gravitas
  4374 | D:3      | Found a faded altar of an unknown god.
  5431 | D:4      | Found Muini's Distillery.
  5611 | D:4      | Noticed Menkaure
  5617 | D:4      | Killed Menkaure
  5618 | D:4      | Reached skill level 6 in Spellcasting
  6174 | D:4      | Reached XP level 8. HP: 50/55 MP: 0/0
  6779 | D:5      | Entered Level 5 of the Dungeon
  6779 | D:5      | Found a broken altar of Ashenzari.
  6857 | D:5      | Noticed Blork the orc
  6864 | D:5      | Killed Blork the orc
  6989 | D:5      | Noticed Grinder
  6992 | D:5      | Paralysed by Grinder for 4 turns
  7001 | D:5      | Killed Grinder
  7002 | D:5      | Reached skill level 7 in Spellcasting
  7169 | D:5      | Found an opulent altar of Gozag.
  7175 | D:5      | Became a worshipper of Gozag Ym Sagoz the Greedy
  7650 | D:4      | Bought a potion of degeneration for 12 gold pieces
  7650 | D:4      | Bought a potion of might for 48 gold pieces
  7650 | D:4      | Bought a potion of heal wounds for 60 gold pieces
  7650 | D:4      | Bought a potion of flight for 36 gold pieces
  7650 | D:4      | Bought a potion of invisibility for 96 gold pieces
  8392 | D:6      | Reached XP level 9. HP: 55/61 MP: 0/0
  8392 | D:6      | Learned a level 4 spell: Ice Form
  8680 | D:6      | You are sucked into a shaft and drop 1 floor!
  8689 | D:7      | Reached skill level 8 in Spellcasting
  9021 | D:7      | Found a staircase to the Ecumenical Temple.
  9080 | D:7      | Found an iron altar of Okawaru.
  9203 | D:7      | Found a runed translucent door.
  9305 | D:7      | Found a huge runed translucent gate.
  9305 | D:7      | Found a huge runed translucent gate.
  9305 | D:7      | Found a huge runed translucent gate.
  9305 | D:7      | Found a huge runed translucent gate.
  9305 | D:7      | Noticed a polar bear
  9305 | D:7      | Noticed a polar bear
  9305 | D:7      | Noticed a polar bear
  9305 | D:7      | Noticed a polar bear
  9306 | D:7      | Noticed a polar bear
  9306 | D:7      | Noticed a polar bear
  9397 | D:7      | Noticed mistaj's ghost (novice TrMo)
  9418 | D:7      | HP: 2/62 [mistaj's ghost (14)]
  9422 | D:7      | Killed mistaj's ghost
  9423 | D:7      | Reached skill level 9 in Spellcasting
 10334 | D:8      | Found a sand-covered staircase.
 10346 | Ossuary  | Entered an ossuary
 10525 | Ossuary  | Reached XP level 10. HP: 59/69 MP: 0/0
 11655 | D:8      | Noticed Pikel
 11679 | D:8      | Killed Pikel
 11680 | D:8      | Reached skill level 10 in Spellcasting
 12367 | D:9      | Found a shimmering altar of Xom.
 12514 | D:9      | Reached skill level 5 in Fighting
 12851 | D:9      | Found a stormy altar of Qazlal.
 13360 | D:10     | Entered Level 10 of the Dungeon
 13461 | D:10     | Found a staircase to the Lair.
 13699 | D:10     | Noticed a gargoyle
 13701 | D:10     | Killed a gargoyle
 13702 | D:10     | Reached XP level 11. HP: 66/76 MP: 0/0
 13702 | D:10     | Learned a level 4 spell: Iskenderun's Mystic Blast
 13705 | D:10     | Reached skill level 11 in Spellcasting
 13706 | D:10     | Reached skill level 1 in Short Blades
 13718 | D:10     | Noticed a death yak
 14064 | D:10     | Noticed a two-headed ogre
 14067 | D:10     | Killed a two-headed ogre
 14183 | D:10     | Killed a death yak
 14243 | D:10     | Reached skill level 12 in Spellcasting
 14694 | D:10     | Identified the +7 trident of Blood {venom, +Rage Dex+4
                  | Stlth+}
 14807 | D:10     | Found a hazy altar of Hepliaklqana.
 14998 | D:4      | Bought a potion of heal wounds for 60 gold pieces
 14998 | D:4      | Bought a potion of curing for 36 gold pieces
 14998 | D:4      | Bought a potion of resistance for 120 gold pieces
 15000 | D:4      | Bought a brightly glowing buckler for 342 gold pieces
 15000 | D:4      | Identified the +0 buckler of Impressiveness {-Tele rPois
                  | Str+2} (You bought it in a shop on level 4 of the Dungeon)
 15000 | D:4      | Bought a masterwork leather armour for 252 gold pieces
 15000 | D:4      | Identified the +0 leather armour of Life {Rampage Will-
                  | rCorr} (You bought it in a shop on level 4 of the Dungeon)
 16149 | D:11     | Found a staircase to the Orcish Mines.
 16167 | D:11     | Noticed a two-headed ogre
 16171 | D:11     | Killed a two-headed ogre
 16177 | D:11     | Reached XP level 12. HP: 45/83 MP: 0/0
 16415 | D:11     | Noticed a two-headed ogre
 16419 | D:11     | Noticed a two-headed ogre
 16420 | D:11     | Killed a two-headed ogre
 16424 | D:11     | Killed a two-headed ogre
 16601 | D:11     | Noticed an eight-headed hydra
 16602 | D:11     | Noticed Maurice
 16604 | D:11     | Slain by an eight-headed hydra

Illustrated notes

Levels and vault maps discovered:
D:1:      minmay_arrival_three_doors, layout_loops_ring,
          amcnicky_mini_pool_small, minmay_gold_behind_fungi
D:2:      layout_loops_ring, grunt_ministairs_8
D:3:      layout_loops_ring, nicolae_kikubaaqudgha_miasma_corner,
          shapermc_ecumenical_altar_rom_forum, gammafunk_ghost_cemetery,
          hangedman_decor_push, minmay_misc_feat_enclosed, uniq_jessica,
          uniq_sigmund
D:4:      minmay_goblin_kobold_castle, layout_loops_ring, serial_shops, shop,
          uniq_menkaure
D:5:      layout_cave_pools, grunt_gozag_breadcrumbs, ashenzari_altar_1,
          uniq_grinder, uniq_blork_the_orc
D:6:      layout_gridville
D:7:      lemuel_bear_cage, layout_rooms, okawaru_trees_2, temple_pool_b,
          ebering_ghost_reflecting_pool
D:8:      layout_basic, tgw_sif, gup_ossuary_entry_pyramid,
          chequers_serial_rivers_small_3, kennysheep_another_room,
          grunt_ministairs_9, uniq_pikel
D:9:      layout_basic, lemuel_tele_altar, kb_xom_exploding_sheep,
          hangedman_decor_opposing, minmay_quadrilaterals
D:10:     argonaut_augean_stables, layout_rooms,
          nicolae_hepliaklqana_hippocampus, lair_entry_dummy, serial_rivers,
          chequers_serial_rivers_large_a, chequers_serial_rivers_small_3,
          chequers_serial_rivers_small_b, chequers_serial_rivers_small_3,
          chequers_serial_rivers_micro_b, item_on_display_a
D:11:     layout_roguey [special_room_orc], zombieorc1_lemuel,
          kennysheep_generic_room_5, uniq_maurice

Skill      XL: |  1  2  3  4  5  6  7  8  9 10 11 |
---------------+----------------------------------+-----
Spellcasting   | 3 4 5 6 7 9 10 12 | 12.6
Fighting       | 1 2 3 4 5 6 |  6.3
Stealth        | 2 3 4 |  4.1
Dodging        | 3 4 |  4.4
Short Blades   | 1 |  1.5
Evocations     | |  0.2

Action                   |  1- 3 |  4- 6 |  7- 9 | 10-12 || total
-------------------------+-------+-------+-------+-------++-------
Melee: Dagger            |       |       |     3 |    16 ||    19
 Cast: Foxfire           |    93 |   125 |   379 |    69 ||   666
       Sticky Flame      |       |     1 |     6 |    10 ||    17
       Fireball          |       |       |       |   115 ||   115
Invok: Call Merchant     |       |       |       |     1 ||     1
Evoke: Wand              |       |       |     1 |       ||     1
  Use: Scroll            |       |     6 |     5 |     5 ||    16
       Potion            |       |       |     3 |     1 ||     4
 Stab: Sleeping          |       |       |       |     1 ||     1
Armor: Robe              |     8 |     3 |    20 |    12 ||    43
Dodge: Dodged            |    23 |    16 |    44 |    24 ||   107
       Repelled          |       |       |     1 |       ||     1

Table legend: (Time is in decaauts)
 A = Elapsed time spent in this place.
 B = Non-inter-level travel time spent in this place.
 C = Inter-level travel time spent in this place.
 D = Time resting spent in this place.
 E = Time spent auto-exploring this place.
 F = Levels seen in this place.
 G = Mean time per level.
                   A        B        C        D        E       F      G
               +--------+--------+--------+--------+--------+-----+--------+
         Total |  16618 |  15428 |   1190 |   1669 |  11847 |  12 | 1384.8 |
       Dungeon |  16159 |  14969 |   1190 |   1669 |  11507 |  11 | 1469.0 |
       Ossuary |    458 |    458 |      0 |      0 |    340 |   1 |  458.0 |
               +--------+--------+--------+--------+--------+-----+--------+

Top non-repeatable levels by time:
     D:4: 2477 daAuts
    D:10: 1718 daAuts
     D:9: 1695 daAuts
     D:2: 1693 daAuts
     D:3: 1630 daAuts
     D:8: 1488 daAuts
     D:1: 1418 daAuts
     D:6: 1271 daAuts
     D:7: 1111 daAuts
     D:5: 833 daAuts
    D:11: 820 daAuts
 Ossuary: 458 daAuts
